 Dungeon Crawl Stone Soup version 0.31-a0-222-gefeffbb62a (webtiles) character file.

Game seed: 5488206122490208957

349 Edyrem the Shooter (level 6, -6/37 HPs)
             Began as a Tengu Hunter on July 6, 2023.
             Mangled by Pikel
             ... wielding a +1 whip of electrocution
              (18 damage)
             ... on level 4 of the Dungeon.
             The game lasted 00:08:46 (3120 turns).

Edyrem the Shooter (Tengu Hunter)                   Turns: 3120, Time: 00:08:46

Health: -6/37      AC:  8    Str: 11    XL:     6   Next: 60%
Magic:  7/7        EV: 14    Int: 10    God:
Gold:   140        SH:  0    Dex: 19    Spells: 5/5 levels left

rFire   + . .        b - +2 dagger (drain)
rCold   . . .        (no shield)
rNeg    . . .        e - +0 ring mail {rF+}
rPois   .            (helmet restricted)
rElec   .            u - +2 cloak {Stlth+}
rCorr   .            (no gloves)
SInv    .            (boots unavailable)
Will    .....        (no amulet)
Stlth   ++           (no ring)
HPRegen 0.26/turn    (no ring)
MPRegen 0.10/turn

%: no passive effects
@: flying quickly and evasively, quick
A: beak, talons 3, nimble flight
a: no special abilities


You were on level 4 of the Dungeon.
You visited 1 branch of the dungeon, and saw 4 of its levels.

You collected 140 gold pieces.

Inventory:

Hand Weapons
 a - a +1 shortbow
 b - a +2 dagger of draining (weapon)
Armour
 c - a +0 leather armour
 e - a +0 ring mail of fire resistance (worn)
 u - a +2 cloak of stealth (worn)
Wands
 s - a wand of digging (6)
Scrolls
 h - 2 scrolls of vulnerability {unknown}
 k - 3 scrolls of immolation
 l - 2 scrolls of revelation {unknown}
 o - 2 scrolls of poison {unknown}
 q - a scroll of butterflies
Potions
 i - 3 potions of curing {@q2}
 m - a potion of berserk rage
 n - a potion of might {unknown}
 r - a potion of heal wounds {unknown}


   Skills:
 + Level 3.4 Fighting
 * Level 6.3 Ranged Weapons
 + Level 2.9 Armour
 + Level 3.8 Dodging
 - Level 1.0 Stealth


You had 5 spell levels left.
You didn't know any spells.
Your spell library was empty.

Dungeon Overview and Level Annotations

Branches:
Dungeon (4/15)
 Temple: D:4-7

Altars:
Elyvilon

Shops:
D:3 [

Annotations:
D:4 1 runed translucent door, Pikel


Innate Abilities, Weirdness & Mutations

You have a beak for a mouth.
You have claws for feet.
Your magical nature lets you fly swiftly and evasively.


Message History

The arrow hits Pikel but does no damage.
Pikel is lightly wounded.
Pikel barely misses you.
You shoot an arrow. The arrow hits Pikel.
Pikel is moderately wounded.
Pikel barely misses you.
You shoot an arrow.
The arrow hits Pikel but does no damage.
Pikel is moderately wounded.
Pikel hits you with a +1 whip of electrocution.
You sense an unholy aura.
b - a +2 dagger of draining (weapon)
Pikel hits you with a +1 whip of electrocution.
You hit Pikel but do no damage. You drain Pikel.
Pikel is moderately wounded.
Pikel hits you with a +1 whip of electrocution.
You closely miss Pikel. You claw Pikel, but do no damage.
Pikel is moderately wounded.
Pikel hits you with a +1 whip of electrocution.
You hit Pikel. You drain Pikel. You claw Pikel.
Pikel is heavily wounded.
Pikel misses you.
You completely miss Pikel.
Pikel is heavily wounded.
Pikel says, "Hell isn't that bad."
Pikel hits you but does no damage.
You barely miss Pikel.
Pikel is heavily wounded.
Pikel hits you with a +1 whip of electrocution.
You hit Pikel but do no damage. You drain Pikel. Your kick misses Pikel.
Your peck misses Pikel.
Pikel is heavily wounded.
Pikel hits you with a +1 whip of electrocution.
You closely miss Pikel. Your kick misses Pikel. Your peck misses Pikel.
Pikel is heavily wounded.
Pikel hits you with a +1 whip of electrocution.
You hit Pikel. You claw Pikel.
Pikel is severely wounded.
Pikel hits you but does no damage.
You are electrocuted!!
You die...

.#+#... . #...# ......#
....#...## ####### #......###
######...# ###.######
#......## #########
######..###
.....<..################...##
#######.......5K@...........#
#######################


You could see Pikel (very drained) and a lemure.

Vanquished Creatures
  Eustachio (D:4)
  2 lemures (D:4)
  Crazy Yiuf (D:3)
  An orc priest (D:3)
  Jessica (D:3)
  4 adders
  A worm (D:2)
  4 dart slugs
  13 orcs
  7 bats
  2 endoplasms
  2 giant cockroaches
  2 goblins
  6 hobgoblins
  7 jackals
  6 kobolds
  2 quokkas
  6 ball pythons
  2 frilled lizards
  6 rats
76 creatures vanquished.

Notes
Turn   | Place    | Note
-------+----------+-------------------------------------------
     0 | D:1      | Edyrem the Tengu Hunter began the quest for the Orb.
     0 | D:1      | Reached XP level 1. HP: 12/12 MP: 2/2
   267 | D:1      | Reached XP level 2. HP: 17/17 MP: 3/3
   647 | D:1      | Reached skill level 1 in Armour
   795 | D:2      | Reached XP level 3. HP: 21/21 MP: 4/4
  1135 | D:2      | Found a faded altar of an unknown god.
  1223 | D:2      | Reached skill level 5 in Ranged Weapons
  1287 | D:2      | Reached XP level 4. HP: 27/27 MP: 5/5
  1617 | D:3      | Identified the +1 robe "Jicoas" {+Blink rPois Str-3}
  1717 | D:3      | Gained mutation: Your magical nature lets you fly swiftly
                  | and evasively. [Tengu growth]
  1717 | D:3      | Reached XP level 5. HP: 30/31 MP: 6/6
  1795 | D:3      | Found Daxkil's Armour Emporium.
  1892 | D:3      | Noticed Jessica
  1895 | D:3      | Killed Jessica
  1975 | D:3      | Found a runed translucent door.
  1976 | D:3      | Noticed Crazy Yiuf
  2520 | D:3      | Killed Crazy Yiuf
  2760 | D:4      | Noticed Eustachio
  2760 | D:4      | Found a runed translucent door.
  2886 | D:4      | Killed Eustachio
  2887 | D:4      | Reached skill level 6 in Ranged Weapons
  2887 | D:4      | Reached XP level 6. HP: 33/37 MP: 7/7
  2927 | D:4      | Found a white marble altar of Elyvilon.
  3085 | D:4      | Noticed Pikel
  3120 | D:4      | Mangled by Pikel

Illustrated notes

Levels and vault maps discovered:
D:1:      minmay_arrival_four_houses, layout_loops_cross, hex_medium,
          minmay_bisected
D:2:      layout_basic, hellmonk_ecumenical_altar_inner_sanctum,
          minmay_hexomino_u4
D:3:      layout_loops_ring, serial_shops, nicolae_square_shop,
          uniq_crazy_yiuf_cottage, uniq_jessica
D:4:      layout_rooms, general_overflow_altar, ebering_ghost_sewer_d,
          serial_bayou_lagoon_a, uniq_pikel, uniq_eustachio, uniq_grinder

Skill      XL: |  1  2  3  4  5 |
---------------+----------------+-----
Armour         | 1 2 |  2.9
Ranged Weapons | 5 6 |  6.3
Dodging        | 3 |  3.8
Fighting       | 3 |  3.4
Stealth        | |  1.0

Action                     |  1- 3 |  4- 6 || total
---------------------------+-------+-------++-------
  Melee: Dagger            |       |    27 ||    27
         Kick              |       |     7 ||     7
         Peck              |       |     3 ||     3
   Fire: Shortbow          |   131 |   154 ||   285
    Use: Scroll            |       |     8 ||     8
         Potion            |       |     1 ||     1
 Armour: Leather armour    |    16 |     1 ||    17
         Ring mail         |       |    29 ||    29
  Dodge: Dodged            |    32 |    71 ||   103

Table legend: (Time is in decaauts)
 A = Elapsed time spent in this place.
 B = Non-inter-level travel time spent in this place.
 C = Inter-level travel time spent in this place.
 D = Time resting spent in this place.
 E = Time spent auto-exploring this place.
 F = Levels seen in this place.
 G = Mean time per level.
                   A        B        C        D        E       F      G
               +--------+--------+--------+--------+--------+-----+--------+
         Total |   3077 |   2924 |    153 |    154 |   1983 |   4 |  769.2 |
       Dungeon |   3077 |   2924 |    153 |    154 |   1983 |   4 |  769.2 |
               +--------+--------+--------+--------+--------+-----+--------+

Top non-repeatable levels by time:
     D:3: 1151 daAuts
     D:2: 913 daAuts
     D:1: 684 daAuts
     D:4: 328 daAuts
